[Event "Live Chess"]
[Site "Chess.com"]
[Date "2024.06.02"]
[Round "-"]
[White "Winterowl"]
[Black "Dhaydon19"]
[Result "0-1"]
[WhiteElo "1561"]
[BlackElo "2677"]
[TimeControl "300"]
[EndTime "22:14:41 PDT"]
[Termination "Dhaydon19 won by resignation"]

1. e4 c6 2. d4 d5 3. e5 c5 4. c3 cxd4 5. cxd4 Nc6 6. Nf3 Bg4 7.
Be2 e6 8. O-O Nge7 9. a3 Nf5 10.
Be3 Nxe3 11. fxe3 Be7 12. Qe1 O-O 13. Qg3 Bh5 14. Nc3 Bg6 15. Rad1 Rc8 16. e4 dxe4 17. Nxe4 Bxe4 0-1

[Event "Live Chess"]
[Site "Chess.com"]
[Date "2024.06.02"]
[Round "-"]
[White "Cruiseylee78"]
[Black "booktrunk"]
[Result "0-1"]
[WhiteElo "1675"]
[BlackElo "1525"]
[TimeControl "300"]
[EndTime "22:15:07 PDT"]
[Termination "booktrunk won by resignation"]

1. d4 e6 2. Bf4 Nc6 3. e3 h6 4. Nf3 Bb4+ 5. c3 Be7 6. Nbd2 g5 7. Bg3 Nf6 8. Bd3 Nh5 9. Qc2 Nxg3 10. hxg3 d5 11.
Ne5 Nxe5 12. dxe5 Bd7 13. O-O-O Bc6 14. Rhg1 Qd7 15. g4 Ba4 16. b3 Bb5 17. Bxb5 Qxb5 18.
f4 gxf4 19. exf4 a5 20. g5 hxg5 21. fxg5 Bxg5 22. Rh1 Rxh1 23. Rxh1 O-O-O 24. Kb2 a4 25. Nf3 Be7 26. Rh7 Rf8 27. Nd4 Qb6 28. g3 axb3 29.
axb3 Kd8 30. g4 f6 31. exf6 Bxf6 32. Rh6 Bxd4 33. cxd4 Qxd4+ 34. Ka2 Rf2 35. Rh8+ Kd7 36. Rh7+ Kd6 37. Ka3 Rxc2 0-1

[Event "Live Chess"]
[Site "Chess.com"]
[Date "2024.06.02"]
[Round "-"]
[White "McFim"]
[Black "juniortay"]
[Result "1-0"]
[WhiteElo "1678"]
[BlackElo "2414"]
[TimeControl "300"]
[EndTime "22:15:45 PDT"]
[Termination "McFim won by checkmate"]

1. e4 e5 2. Nf3 Nf6 3. Nxe5 Nc6 4. Nxc6 dxc6 5. Nc3 Bc5 6. h3 Be6 7. d3 h5 8. a3 Qd7 9. Be3 Bxe3 10. fxe3 O-O-O 11. Qd2 Qd6 12. O-O-O Qc5 13. Qe1 b5 14. d4 Qb6 15. e5 Nd5 16. Nxd5 cxd5 17. b4 Kb8 18. Be2 g6 19. Rf1 Rhe8 20. Qc3 c6 21. Kb2 Re7 22. Ra1 Rb7 23. Qc5 Qc7 24. Qc3 Ka8 25. Qd2 Rdb8 26. c3 a5 27. Ra2 Ra7 28. Rfa1 Rb6 29. Kb1 Rba6 30. Qb2 Qe7 31. Qd2 Qg5 32. Bd3 Qg3 33. Kb2 g5 34. Kb3 g4 35. hxg4 Qxg4 36. Qe2 Qg5 37.
Rh1 Bg4 38. Qf2 Be6 39. Be2 axb4 40. cxb4 c5 41. bxc5 b4 42. Bxa6 Rxa6 43. axb4 Rxa2 44. Qxa2+ Kb7 45. Qf2 Qg6 46. Kc3 Qe4 47. Ra1 Bf5 48. Qd2 h4 49. b5 f6 50. exf6 Qe6 51. b6 Qxf6 52. Ra7+ Kb8 53. Qa2 Bc8 54. Ra8+ Kb7 55. Qa7+ Kc6 56. Qc7+ Kb5 57. Qxc8 Qf2 58. Qa6+ Kc6 59.
b7+ Kd7 60. Qd6# 1-0

[Event "Live Chess"]
[Site "Chess.com"]
[Date "2024.06.02"]
[Round "-"]
[White "rekosheten"]
[Black "Tushinskiy"]
[Result "0-1"]
[WhiteElo "2460"]
[BlackElo "2287"]
[TimeControl "300"]
[EndTime "22:16:36 PDT"]
[Termination "Tushinskiy won on time"]

1. e4 e5 2. Nf3 d6 3. d4 Bg4 4. dxe5 Nd7 5. exd6 Bxd6 6. h3 Bh5 7. Nbd2 Qe7 8. Bd3 Ngf6 9. O-O O-O-O 10. Re1 Ne5 11. Qe2 h6 12. Nc4 Nxf3+ 13. gxf3 Bc5 14. c3 g5 15. b4 Bb6 16. a4 Qd7 17. Ne5 Qxh3 18. a5 Qg3+ 19. Kf1 Bxf2 20. Qxf2 Qxe5 21. Be2 Kb8 22. Be3 a6 23. Bd4 Qe6 24. b5 axb5 25.
Bxb5 g4 26. a6 g3 27. Ba7+ Kc8 28. axb7+ Kxb7 29. Qb2 Qh3+ 30. Kg1 Qh2+ 31. Qxh2 gxh2+ 32. Kxh2 Rd2+ 33. Kg3 Rb2 34. Be2 Rg8+ 35. Kf4 Re8 36. Bd4 Nxe4 37. Ba6+ Kc6 38. Rxe4 Rxe4+ 39. fxe4 Bg6 40.
Bc4 h5 41. Bd5+ Kd7 42. Rh1 Rg2 43. Ke5 Rg4 44. Kf6 c6 45. Bc4 Bxe4 46. Re1 Rf4+ 47. Kg5 Rf5+ 48. Kh6 Bd5 0-1

[Event "Live Chess"]
[Site "Chess.com"]
[Date "2024.06.02"]
[Round "-"]
[White "RockTroll"]
[Black "KGreenGator"]
[Result "1/2-1/2"]
[WhiteElo "2167"]
[BlackElo "1783"]
[TimeControl "300"]
[EndTime "22:16:45 PDT"]
[Termination "Game drawn - timeout vs insufficient material"]

1. Nf3 d5 2. g3 Nf6 3. Bg2 e6 4.
O-O Be7 5. d3 O-O 6. Nbd2 Nc6 7.
e4 dxe4 8. dxe4 e5 9. Re1 Bg4 10. h3 Be6 11. c3 Qc8 12. Kh2 Qd8 13. Qc2 Bc5 14. Nf1 Bc4 15. Be3 Bxe3 16. Nxe3 Bd3 17.
Qb3 b6 18. Rad1 Na5 19. Qa3 Re8 20. c4 Nxe4 21. Qxd3 Qxd3 22. Rxd3 Nxf2 23. Rd7 c6 24. Ng5 Rf8 25. Kg1 h6 26. Nxf7 Rxf7 27. Rxf7 Kxf7 28. Kxf2 Rc8 29. b3 Nb7 30. Ng4 e4 31. Bxe4 Nc5 32. Bf3 Nd3+ 33. Ke2 Nxe1 34. Kxe1 c5 35. Bd5+ Kg6 36. Kf2 Rf8+ 37. Ke3 Re8+ 38. Kf4 Re2 39. Ne5+ Kf6 40. Ng4+ Ke7 41. Ne3 Rxa2 42. Nf5+ Kf6 43.
Nd6 Ra3 44. Nc8 g5+ 45. Kg4 Kg6 46. Be4+ Kg7 47. h4 Rxb3 48. Nxa7 gxh4 49. gxh4 Rc3 50. Bd5 Rd3 51. Nb5 Rb3 52. Nd6 Kg6 53. Nf5 h5+ 54. Kf4 b5 55. cxb5 Rxb5 56. Ne3 Rb4+ 57. Bc4 Rb2 58. Bd3+ Kf6 59. Nd5+ Kg7 60. Kg5 Rd2 61.
Be4 Rd4 62. Bf3 c4 63. Ne7 Kf7 64. Nf5 Rd2 65. Bxh5+ Kf8 66. Bg6 c3 67. Ne3 Rh2 68. h5 Kg7 69. h6+ Rxh6 70. Nf5+ Kf8 71. Nxh6 Ke7 72.
Bc2 Kd6 73. Kf4 Kd5 74. Ke3 Kc4 75. Ng4 Kb4 76. Kd3 Ka3 77. Ne3 Kb2 78. Nd1+ Kc1 79. Nxc3 Kb2 80. Nb5 Kc1 81. Ba4 Kb2 82. Kc4 Kc1 83.
Kc3 Kb1 84. Bb3 Kc1 85. Nd4 Kb1 86. Ne2 Ka1 87. Bc4 Kb1 88. Kb3 Ka1 89. Bb5 Kb1 90.
Bd3+ Ka1 91. Bc4 Kb1 92. Nc3+ Kc1 93. Be2 Kd2 94. Bb5 Kc1 1/2-1/2

[Event "Live Chess"]
[Site "Chess.com"]
[Date "2024.06.02"]
[Round "-"]
[White "Dhaydon19"]
[Black "Duke_of_Bebington"]
[Result "1-0"]
[WhiteElo "2677"]
[BlackElo "1652"]
[TimeControl "300"]
[EndTime "22:17:05 PDT"]
[Termination "Dhaydon19 won by resignation"]

1. d3 d5 2. Nf3 Nc6 3. g3 e5 4. Bg2 f5 5. O-O e4 6. dxe4 fxe4 7. Nd4 Nf6 8. Nxc6 bxc6 9. c4 Bd6 10. Nc3 Bb7 11. Bg5 O-O 12. Rc1 h6 13. Bxf6 Rxf6 14. cxd5 cxd5 15. Nxd5 Re6 16. Qb3 Rb8 17. Nxc7 1-0

[Event "Live Chess"]
[Site "Chess.com"]
[Date "2024.06.02"]
[Round "-"]
[White "Isambard_Thomas"]
[Black "IgorSchukin"]
[Result "1-0"]
[WhiteElo "2163"]
[BlackElo "1782"]
[TimeControl "300"]
[EndTime "22:18:31 PDT"]
[Termination "Isambard_Thomas won by resignation"]

1. d4 d5 2. Bg5 h6 3. Bf4 Nf6 4. e3 Bf5 5. Nf3 e6 6. Bd3 Bd6 7. Ne5 Nbd7 8. c3 Bxd3 9. Qxd3 Ne4 10. Nd2 Ndf6 11. f3 Nxd2 12. Kxd2 c5 13. Qb5+ Nd7 14. dxc5 Bxe5 15. Bxe5 f6 16. Bd6 Rc8 17. b4 Kf7 18.
Qxb7 Kg6 19. Qb5 Ne5 20. Bxe5 fxe5 21. Qd3+ Kf7 22. h4 h5 23. Rh3 Rh6 24. Rg1 g5 25.
g3 Qf6 26. Ke2 g4 27. fxg4 hxg4 28. Rh2 Qf3+ 29. Kd2 Ke7 30. Qe2 Qe4 31. Rf2 a5 32. Rgf1 Rh7 33. Qa6 Rd8 34. Qxa5 d4 35. Qc7+ Rd7 36.
Rf7+ Rxf7 37. Rxf7+ Kxf7 38. Qxd7+ Kf6 39. Qd8+ Kf7 40.
cxd4 exd4 41. Qxd4 Qg2+ 42. Kd3 Qxg3 43. Qf4+ Qxf4 44.
exf4 g3 45. Ke3 g2 46. Kf2 g1=Q+ 47. Kxg1 1-0

[Event "Live Chess"]
[Site "Chess.com"]
[Date "2024.06.02"]
[Round "-"]
[White "elephantgerrald"]
[Black "MagnersCarlsberg2870"]
[Result "0-1"]
[WhiteElo "814"]
[BlackElo "1839"]
[TimeControl "300"]
[EndTime "22:19:40 PDT"]
[Termination "MagnersCarlsberg2870 won by checkmate"]

1. e4 e5 2. Nf3 Nf6 3. Nxe5 Nc6 4.
Nxc6 dxc6 5. e5 Nd5 6. d4 c5 7.
dxc5 Bxc5 8. Bc4 Bxf2+ 9. Kxf2 Qh4+ 10. g3 Qxc4 11. Qf3 Bg4 12. Qd3 Qc5+ 13. Kg2 O-O-O 14. Qe4 g6 15. Qxg4+ Kb8 16. Rf1 Qxc2+ 17. Bd2 Qxb2 18. Qd4 Qxd4 19. Rxf7 Qxa1 20. Na3 Qxa2 21. Nb5 Qxd2+ 22. Kh3 h5 23. e6 h4 24. gxh4 Qd3+ 25. Kg4 Qxb5 26. e7 Nxe7 27. Rxe7 Qb4+ 28. Kg5 Qxe7+ 29. Kg4 Rd4+ 30. Kf3 Rhxh4 31. Kg2 Rd3 32. Kf2 Rxh2+ 33. Kf1 Rd1# 0-1

[Event "Live Chess"]
[Site "Chess.com"]
[Date "2024.06.02"]
[Round "-"]
[White "Tushinskiy"]
[Black "RockTroll"]
[Result "0-1"]
[WhiteElo "2276"]
[BlackElo "2178"]
[TimeControl "300"]
[EndTime "22:19:47 PDT"]
[Termination "RockTroll won by resignation"]

1. d4 Nf6 2. c3 g6 3. Nf3 Bg7 4. Bf4 O-O 5. Bg3 d6 6. Nbd2 Nc6 7. e4 Nh5 8. Bd3 e5 9. dxe5 dxe5 10. Qe2 Nf4 11. Bxf4 exf4 12. O-O Bg4 13. h3 Ne5 14.
Bc2 Bh5 15. Rad1 Qf6 16. Kh2 Rad8 17. Nc4 Nxf3+ 18. gxf3 Rde8 19. Rg1 Qh4 20. Rd5 h6 21. Bb3 Re7 22. Nd2 Rfe8 23. Nf1 Rxe4 24. Qd2 Re2 25. Rd8 Qxf2+ 0-1

[Event "Live Chess"]
[Site "Chess.com"]
[Date "2024.06.02"]
[Round "-"]
[White "edward33_24h"]
[Black "Dhaydon19"]
[Result "0-1"]
[WhiteElo "624"]
[BlackElo "2677"]
[TimeControl "300"]
[EndTime "22:20:06 PDT"]
[Termination "Dhaydon19 won by resignation"]

1. e4 c6 2. Bc4 d5 3. exd5 cxd5 4. Bb5+ Nc6 5. Bxc6+ bxc6 6. d4 Qc7 7. Nf3 Nf6 8. Be3 Ba6 9. Nc3 e6 10. Na4 Bd6 11. Nc5 Bxc5 12. dxc5 e5 13. Ng5 h6 14.
Nf3 O-O 15. Qd2 Ne4 16. Qe2 Bxe2 0-1

[Event "Live Chess"]
[Site "Chess.com"]
[Date "2024.06.02"]
[Round "-"]
[White "juniortay"]
[Black "Cruiseylee78"]
[Result "1-0"]
[WhiteElo "2414"]
[BlackElo "1675"]
[TimeControl "300"]
[EndTime "22:20:27 PDT"]
[Termination "juniortay won by resignation"]

1. e4 d6 2. Nf3 Nd7 3. Nc3 e5 4. d4 c6 5. Bc4 h6 6. a4 Qc7 7. O-O Ngf6 8. Qe2 Be7 9. Rd1 Nf8 10. b3 g5 11. Bb2 Ng6 12. dxe5 dxe5 13. Nd5 cxd5 14. exd5 Nf4 15. Qe1 a6 16. Nxe5 b5 17. axb5 Bb7 18. Nc6 Bxc6 19. Bxf6 O-O 20. Bxe7 Rfe8 21.
d6 Nxg2 22. Qe5 Bd7 23. dxc7 Rxe7 24. Qxe7 1-0

[Event "Live Chess"]
[Site "Chess.com"]
[Date "2024.06.02"]
[Round "-"]
[White "booktrunk"]
[Black "febray_27"]
[Result "0-1"]
[WhiteElo "1524"]
[BlackElo "2002"]
[TimeControl "300"]
[EndTime "22:21:05 PDT"]
[Termination "febray_27 won by resignation"]

1. d4 Nf6 2. Nc3 d5 3. Bf4 g6 4.
Nb5 Na6 5. e3 Bg7 6. Nf3 O-O 7.
Nc3 Bf5 8. Bxa6 bxa6 9. O-O Rc8 10. h3 c5 11. dxc5 Rxc5 12. g4 Be4 13. Nxe4 Nxe4 14.
Nd4 e5 15. Nb3 exf4 16. Nxc5 Nxc5 17. exf4 Bxb2 18. Rb1 Bg7 19. Qe2 Ne4 20. Qd3 Qa5 21. Rfd1 Nc3 22. Rbc1 Nxd1 23. Rxd1 d4 24. Kg2 Qxa2 25.
Rd2 Rc8 26. h4 Qd5+ 27. f3 Rc3 28. Qxa6 Qxf3+ 0-1

[Event "Live Chess"]
[Site "Chess.com"]
[Date "2024.06.02"]
[Round "-"]
[White "Tushinskiy"]
[Black "elephantgerrald"]
[Result "1-0"]
[WhiteElo "2276"]
[BlackElo "814"]
[TimeControl "300"]
[EndTime "22:21:54 PDT"]
[Termination "Tushinskiy won by checkmate"]

1. d4 d5 2. c3 Nc6 3. Nf3 Nf6 4. Bf4 e6 5. Nbd2 Bd6 6. Bg3 Bxg3 7. hxg3 O-O 8. Qc2 h6 9. e4 dxe4 10. Nxe4 Nxe4 11.
Qxe4 f5 12. Qe3 Bd7 13. Bc4 Re8 14. O-O-O b6 15. Ne5 Nxe5 16. Qxe5 Qg5+ 17. Kb1 Ba4 18. Rde1 Qd2 19. Qxf5 Rf8 20. Qxe6+ Kh8 21. Re2 Qg5 22. f4 Qa5 23. Rxh6+ gxh6 24. Qxh6# 1-0

[Event "Live Chess"]
[Site "Chess.com"]
[Date "2024.06.02"]
[Round "-"]
[White "Duke_of_Bebington"]
[Black "IgorSchukin"]
[Result "1-0"]
[WhiteElo "1663"]
[BlackElo "1771"]
[TimeControl "300"]
[EndTime "22:22:47 PDT"]
[Termination "Duke_of_Bebington won by checkmate"]

1. e4 e5 2. Nf3 Nc6 3. Bc4 Nf6 4. O-O Bc5 5. c3 Nxe4 6. d4 exd4 7. cxd4 Be7 8. d5 Na5 9. Bd3 Nf6 10. Nc3 b6 11.
Re1 O-O 12. b4 Bxb4 13. Bb2 Bb7 14. Re5 d6 15. Rg5 h6 16. Rg3 Bxc3 17. Bxc3 Bxd5 18.
Qd2 Bxf3 19. Qxh6 Bg4 20. Rxg4 g6 21. Rxg6+ fxg6 22. Qxg6+ Kh8 23. Qh7# 1-0

[Event "Live Chess"]
[Site "Chess.com"]
[Date "2024.06.02"]
[Round "-"]
[White "Dhaydon19"]
[Black "KeithArkell"]
[Result "1-0"]
[WhiteElo "2680"]
[BlackElo "2425"]
[TimeControl "300"]
[EndTime "22:23:31 PDT"]
[Termination "Dhaydon19 won by resignation"]

1. d4 e6 2. Nf3 Nf6 3. g3 c5 4. Bg2 cxd4 5. Nxd4 Nc6 6. O-O Be7 7.
c4 O-O 8. Nc3 Nxd4 9. Qxd4 d6 10. Rd1 a6 11. Bg5 h6 12. Bxf6 Bxf6 13. Qxd6 Qxd6 14.
Rxd6 Bxc3 15. bxc3 Re8 16. Rb1 Rb8 17. Rxa6 bxa6 18. Rxb8 Kf8 19. Bc6 Bd7 20. Rxe8+ Kxe8 21. Bb7 Ke7 22. Bxa6 Kd6 23. f4 Kc5 24. Kf2 Ba4 25. Ke3 g5 26. fxg5 hxg5 27. h4 gxh4 28. gxh4 Bc2 29.
Kf4 f6 30. e4 Bd1 31. Bb5 Bh5 32. e5 fxe5+ 33. Kxe5 1-0

[Event "Live Chess"]
[Site "Chess.com"]
[Date "2024.06.02"]
[Round "-"]
[White "juniortay"]
[Black "booktrunk"]
[Result "1-0"]
[WhiteElo "2414"]
[BlackElo "1524"]
[TimeControl "300"]
[EndTime "22:23:32 PDT"]
[Termination "juniortay won by checkmate"]

1. e4 b6 2. Nf3 Bb7 3. Nc3 h6 4. d4 e6 5. Bd3 c5 6. O-O cxd4 7.
Nxd4 a6 8. a4 Be7 9. Qg4 Bg5 10.
f4 Bf6 11. Be3 g5 12. e5 Be7 13. f5 exf5 14. Qxf5 f6 15. Qg6+ Kf8 16. Nf5 Qe8 17.
Qg7# 1-0

[Event "Live Chess"]
[Site "Chess.com"]
[Date "2024.06.02"]
[Round "-"]
[White "KGreenGator"]
[Black "Dhaydon19"]
[Result "0-1"]
[WhiteElo "1783"]
[BlackElo "2680"]
[TimeControl "300"]
[EndTime "22:25:09 PDT"]
[Termination "Dhaydon19 won by resignation"]

1. c4 e6 2. d4 d5 3. Nc3 Nf6 4.
e3 dxc4 5. Bxc4 a6 6. Nf3 b5 7.
Bd3 Bb7 8. O-O Nbd7 9. Re1 c5 10.
dxc5 Nxc5 11. Bc2 Qb6 12. Nd4 Rd8 13. Qe2 Be7 14. a3 O-O 15. b4 Ncd7 16. Bb2 Ne5 17. f4 Nc4 18. Bc1 Rxd4 19. exd4 Qxd4+ 0-1

[Event "Live Chess"]
[Site "Chess.com"]
[Date "2024.06.02"]
[Round "-"]
[White "IgorSchukin"]
[Black "Tushinskiy"]
[Result "0-1"]
[WhiteElo "1770"]
[BlackElo "2277"]
[TimeControl "300"]
[EndTime "22:25:10 PDT"]
[Termination "Tushinskiy won by resignation"]

1. e4 e5 2. Nf3 d6 3. Nc3 Bg4 4. Be2 Nd7 5. h3 Bh5 6. g4 Bg6 7. d4 Ngf6 8. Bg5 c6 9. dxe5 dxe5 10. Bxf6 Qxf6 11. Qd2 O-O-O 12. Qe3 Bc5 13. Qg5 Qe6 14. O-O-O Bxf2 15. Rhf1 f6 16. Qd2 Bb6 17. Na4 Qxa2 18. Nxb6+ Nxb6 0-1

[Event "Live Chess"]
[Site "Chess.com"]
[Date "2024.06.02"]
[Round "-"]
[White "Isambard_Thomas"]
[Black "Cruiseylee78"]
[Result "1-0"]
[WhiteElo "2164"]
[BlackElo "1674"]
[TimeControl "300"]
[EndTime "22:26:32 PDT"]
[Termination "Isambard_Thomas won by resignation"]

1. d4 Nf6 2. Nf3 d6 3. Bg5 Nbd7 4. e3 e5 5. dxe5 dxe5 6. Bc4 c6 7. Nbd2 b5 8. Bb3 a5 9. c3 Nc5 10. Bc2 Bd6 11. b4 axb4 12. cxb4 Na6 13. a3 Qc7 14. Bxf6 gxf6 15. Ne4 Be7 16. O-O Rg8 17. Ng3 Bg4 18.
Bxh7 Rg7 19. Bf5 Bxf5 20. Nxf5 Rg6 21. N3h4 Rg8 22. Nxe7 Qxe7 23. Nf5 Qe6 24. Nd6+ Kf8 25. Ne4 Rd8 26. Qxd8+ 1-0

[Event "Live Chess"]
[Site "Chess.com"]
[Date "2024.06.02"]
[Round "-"]
[White "MagnersCarlsberg2870"]
[Black "RockTroll"]
[Result "0-1"]
[WhiteElo "1837"]
[BlackElo "2180"]
[TimeControl "300"]
[EndTime "22:26:34 PDT"]
[Termination "RockTroll won by resignation"]

1. d4 Nf6 2. Nf3 g6 3. Nc3 Bg7 4. e4 d6 5. h3 a6 6. a4 b6 7.
Bc4 e6 8. Qe2 Bb7 9. Ng5 h6 10.
Bxe6 hxg5 11. e5 dxe5 12. dxe5 Nfd7 13. Bxf7+ Kxf7 14. e6+ Kf6 15. Bxg5+ Kxg5 16. O-O-O Bxc3 17. bxc3 Kh6 18. Qe3+ Qg5 19. f4 Qc5 20. Rd4 Nf6 21. f5+ g5 22. h4 Qxf5 23. hxg5+ Kg6 24. Rxh8 Qxg5 25. Rf4 Nc6 26. Qd3+ Kg7 27. Rxa8 Qxf4+ 28. Kb2 Bxa8 29. e7 Nxe7 30. Qd8 Qd6 31. Qxa8 a5 32. Qf3 Nc6 33. g4 Ne5 34. Qh3 Nd5 35. g5 Nc4+ 36.
Kb3 Nd2+ 37. Kb2 Ne3 38. Kc1 Nec4 39. g6 Qa3+ 40. Kd1 Qa1+ 41. Ke2 Qf1+ 42. Qxf1 Nxf1 43. Kxf1 Kxg6 44. Ke2 Kf5 45. Kd3 Nb2+ 46. Kd4 Nxa4 47. Kc4 Nc5 0-1

[Event "Live Chess"]
[Site "Chess.com"]
[Date "2024.06.02"]
[Round "-"]
[White "elephantgerrald"]
[Black "febray_27"]
[Result "0-1"]
[WhiteElo "814"]
[BlackElo "2002"]
[TimeControl "300"]
[EndTime "22:26:36 PDT"]
[Termination "febray_27 won by checkmate"]

1. e4 c5 2. Nf3 e6 3. Bc4 Nc6 4. O-O g6 5. d3 Bg7 6. Nc3 Nf6 7. Be3 b6 8. b3 O-O 9. a4 a6 10. h3 d5 11. exd5 exd5 12. Bxd5 Nxd5 13. Nxd5 Qxd5 14. Ng5 Bxa1 15. Qxa1 Nd4 16. Bxd4 cxd4 17. c3 Qxg5 18. h4 Qxh4 19. cxd4 Bb7 20. f3 Rad8 21. Qe1 Qxd4+ 22. Rf2 Qxd3 23. Qe5 Rfe8 24. Qf6 Re1+ 25. Kh2 Qd6+ 26. Qxd6 Rxd6 27. f4 Rd5 28. Rc2 Rh5+ 29. Kg3 Re3+ 30. Kg4 f5# 0-1

[Event "Live Chess"]
[Site "Chess.com"]
[Date "2024.06.02"]
[Round "-"]
[White "booktrunk"]
[Black "rekosheten"]
[Result "0-1"]
[WhiteElo "1524"]
[BlackElo "2460"]
[TimeControl "300"]
[EndTime "22:27:24 PDT"]
[Termination "rekosheten won by resignation"]

1. d4 Nf6 2. Nc3 d5 3. Bf4 c5 4.
dxc5 d4 5. Na4 Nc6 6. e3 e5 7.
Bg5 Qa5+ 8. c3 Ne4 9. Bh4 dxc3 10. Nxc3 Nxc3 11. bxc3 Qxc3+ 12. Ke2 Qc4+ 13. Ke1 Qxh4 14. g3 Qb4+ 15. Qd2 Bxc5 16. Ne2 Qe4 17. Rg1 Bb4 18. Nc3 Qg6 19. Rb1 Bxc3 0-1

[Event "Live Chess"]
[Site "Chess.com"]
[Date "2024.06.02"]
[Round "-"]
[White "febray_27"]
[Black "MagnersCarlsberg2870"]
[Result "1-0"]
[WhiteElo "2016"]
[BlackElo "1832"]
[TimeControl "300"]
[EndTime "22:29:23 PDT"]
[Termination "febray_27 won by resignation"]

1. Nf3 Nc6 2. d4 e6 3. g3 f5 4. Bg2 Nf6 5. O-O Be7 6. c4 O-O 7. Nc3 Qe8 8. Re1 d5 9. cxd5 exd5 10. Ne5 Ng4 11. Nxd5 Ngxe5 12. dxe5 Be6 13. Nxc7 Qh5 14. Nxe6 Rfd8 15. Nxd8 Rxd8 16. Qb3+ Kh8 17. Qxb7 Nxe5 18. Qxe7 Re8 19. Qxa7 Ng4 20. h3 Nf6 21. Be3 1-0

[Event "Live Chess"]
[Site "Chess.com"]
[Date "2024.06.02"]
[Round "-"]
[White "KeithArkell"]
[Black "juniortay"]
[Result "0-1"]
[WhiteElo "2417"]
[BlackElo "2422"]
[TimeControl "300"]
[EndTime "22:31:30 PDT"]
[Termination "juniortay won by resignation"]

1. d4 d5 2. Nf3 c5 3. c4 e6 4. cxd5 exd5 5. g3 Nc6 6. Bg2 Nf6 7. O-O cxd4 8. Nxd4 Bc5 9. Nxc6 bxc6 10. Qc2 Qb6 11. Nc3 Be7 12. Bg5 O-O 13. Na4 Qa6 14. b3 Be6 15. Nc5 Bxc5 16. Qxc5 Ne4 17. Bxe4 dxe4 18. Qe3 Bd5 19. Bf4 Rfe8 20. Bd6 Re6 21. Bc5 h5 22. h4 Rg6 23. Rfd1 Qc8 24. Rd2 Qh3 25. Rad1 Qxh4 26. Rxd5 cxd5 27. Rxd5 Re8 28. Kg2 Qg4 29. Bd6 Rd8 30. Qxa7 Qxe2 31. Qe7 Qf3+ 32. Kg1 Rc8 33. Rc5 Rxc5 34. Bxc5 Qd1+ 35. Kg2 Qf3+ 36. Kg1 h4 37. Qxh4 Rh6 38. Qd8+ Kh7 0-1

[Event "Live Chess"]
[Site "Chess.com"]
[Date "2024.06.02"]
[Round "-"]
[White "Dhaydon19"]
[Black "EPotapov05"]
[Result "1-0"]
[WhiteElo "2680"]
[BlackElo "1791"]
[TimeControl "300"]
[EndTime "22:32:02 PDT"]
[Termination "Dhaydon19 won by resignation"]

1. d4 d5 2. Nf3 Nf6 3. g3 Bf5 4. Bg2 h6 5. O-O c6 6. Nbd2 e6 7. Ne5 Nbd7 8. Nxd7 Qxd7 9. Re1 Be7 10.
c3 O-O 11. Nf3 Be4 12. Ne5 Qc7 13. f3 Bh7 14. Bf4 Bd6 15. Nd3 Bxf4 16. Nxf4 e5 17.
dxe5 Qxe5 18. Qd4 Qxd4+ 19. cxd4 Rfe8 20. Kf2 Re7 21. e3 Rae8 22. Bf1 g5 23. Nd3 Nd7 24. Rac1 f6 25. g4 Kg7 26. Nb4 Nb6 27. b3 Nc8 28.
Bd3 Nd6 29. Bxh7 Kxh7 30. Nd3 Kg6 31. h3 f5 32. Ne5+ Kf6 33. a4 fxg4 34. hxg4 Nf7 35.
Nd3 Kg6 36. Rc2 h5 37. gxh5+ Kxh5 38. Rh1+ Kg6 39. Re2 Rh8 40. Rxh8 Nxh8 41. Ne5+ Kf6 42. Kg3 Ng6 43. Ng4+ Kg7 44. Rh2 Re8 45. Rh5 Ne7 46. Rxg5+ Kf7 47. Re5 Ng6 48. Rxe8 Kxe8 49. Ne5 Ne7 50.
e4 dxe4 51. fxe4 Kd8 52. Kf3 Kc7 53. Ke3 Kd6 54. Kd3 c5 55. Nc4+ Kc6 56. d5+ Nxd5 57. exd5+ Kxd5 58. Ne3+ Kc6 59. Kc4 a6 60. a5 b6 61.
axb6 Kxb6 62. Nd5+ Kc6 63. Nc3 Kb6 64. Na4+ Kc6 65.
Nxc5 1-0

[Event "Live Chess"]
[Site "Chess.com"]
[Date "2024.06.02"]
[Round "-"]
[White "Tatarinov_Maxim"]
[Black "booktrunk"]
[Result "1-0"]
[WhiteElo "2279"]
[BlackElo "1524"]
[TimeControl "300"]
[EndTime "22:32:42 PDT"]
[Termination "Tatarinov_Maxim won by resignation"]

1. Nf3 b6 2. e4 Bb7 3. Nc3 e6 4. d4 Nf6 5. Bd3 Bb4 6. Bg5 h6 7. Bxf6 Qxf6 8. O-O Bxc3 9. bxc3 O-O 10. Qe2 d6 11.
Rfe1 Nd7 12. Rad1 a5 13. Nd2 e5 14. Nf1 exd4 15. cxd4 Rfe8 16. Ng3 c5 17. c3 cxd4 18. cxd4 Nb8 19. Bb5 Re7 20. Qg4 Ba6 21. Bxa6 Nxa6 22. Nf5 Rd7 23. Nxh6+ Qxh6 24. Qxd7 Nb4 25. h3 Nxa2 26. e5 dxe5 27. dxe5 Nc3 28. Qc6 Nxd1 29. Qxa8+ Kh7 30. Qe4+ g6 31. Rxd1 f5 32. exf6 Qf8 33. Rd7+ Kg8 34. Qxg6+ 1-0

[Event "Live Chess"]
[Site "Chess.com"]
[Date "2024.06.02"]
[Round "-"]
[White "febray_27"]
[Black "Isambard_Thomas"]
[Result "1-0"]
[WhiteElo "2048"]
[BlackElo "2153"]
[TimeControl "300"]
[EndTime "22:33:58 PDT"]
[Termination "febray_27 won by resignation"]

1. Nf3 d5 2. d4 c6 3. g3 Nf6 4. Bg2 Bg4 5. O-O e6 6. c4 Bd6 7. Nc3 h5 8. h4 Qc7 9. cxd5 exd5 10. Qc2 Nbd7 11. e4 Bxg3 12. e5 Bxf2+ 13. Rxf2 Ne4 14. Nxe4 dxe4 15. Qxe4 O-O-O 16. Bf4 Qb6 17. b3 f5 18. exf6 Nxf6 19. Qe5 Nd7 20. Qd6 Rdg8 21. Ne5 1-0

[Event "Live Chess"]
[Site "Chess.com"]
[Date "2024.06.02"]
[Round "-"]
[White "Delacorta"]
[Black "Dhaydon19"]
[Result "0-1"]
[WhiteElo "1529"]
[BlackElo "2680"]
[TimeControl "300"]
[EndTime "22:34:03 PDT"]
[Termination "Dhaydon19 won by checkmate"]

1. d4 c6 2. Nf3 d5 3. h3 Nf6 4. b3 g6 5. Bb2 Bg7 6. Nbd2 O-O 7. e3 Nbd7 8. Be2 Re8 9. O-O Qc7 10. Rc1 e6 11. c4 Bf8 12. Qc2 Bd6 13. c5 Bf8 14.
Ne5 Nxe5 15. dxe5 Nd7 16. f4 Bxc5 17. h4 Bxe3+ 18. Kh1 Qd8 19. h5 Qh4# 0-1

[Event "Live Chess"]
[Site "Chess.com"]
[Date "2024.06.02"]
[Round "-"]
[White "Cruiseylee78"]
[Black "Ocelot32"]
[Result "1-0"]
[WhiteElo "1677"]
[BlackElo "1379"]
[TimeControl "300"]
[EndTime "22:34:18 PDT"]
[Termination "Cruiseylee78 won by resignation"]

1. e4 e6 2. b3 d5 3. Bb2 dxe4 4. g4 Bc5 5. Nc3 Nc6 6. Nxe4 Bb6 7. Bxg7 Qh4 8.
Bxh8 f5 9. Nf3 Qxg4 10. Ng3 Bd7 11. h3 Qb4 12. c3 Qc5 13. Qe2 O-O-O 14. c4 Qa3 15.
Bc3 Ba5 16. Bxa5 Qxa5 17. Bg2 f4 18. Ne4 Nge7 19. O-O Rg8 20. Nfg5 h6 21. Nf7 Nf5 22. Kh2 Ncd4 23. Qd3 Nh4 24. Rg1 f3 25. Bf1 Qe5+ 26. Kh1 Rxg1+ 27. Kxg1 Qg7+ 28. Kh2 Qxf7 29. Qxd4 Qf4+ 30.
Kh1 e5 31. Nd6+ cxd6 32. Qxf4 exf4 33. Re1 Ng2 34. Bxg2 fxg2+ 35. Kxg2 Bc6+ 36. f3 Kd7 37. Kf2 d5 38. cxd5 Bxd5 39. Rg1 Kd6 40. Rg6+ Be6 41. Rxh6 Kd5 42. d4 1-0

[Event "Live Chess"]
[Site "Chess.com"]
[Date "2024.06.02"]
[Round "-"]
[White "Tushinskiy"]
[Black "RockTroll"]
[Result "1/2-1/2"]
[WhiteElo "2275"]
[BlackElo "2182"]
[TimeControl "300"]
[EndTime "22:34:38 PDT"]
[Termination "Game drawn by agreement"]

1. d4 Nf6 2. c3 g6 3. Nf3 Bg7 4.
Bf4 O-O 5. Bg3 d6 6. Nbd2 Nc6 7. e4 Nh5 8. Qc2 e5 9. dxe5 dxe5 10. Be2 h6 11. O-O Qf6 12. Rad1 Nf4 13. Nc4 Bg4 14. Ne3 Nxe2+ 15. Qxe2 Bxf3 16. Qxf3 Qxf3 17. gxf3 Rfd8 18.
Nd5 g5 19. Nxc7 Rac8 20. Nd5 Kf8 21. h4 f6 22. Kg2 Kf7 23. Rd2 Bf8 24. Rfd1 Ne7 25.
Ne3 Nc6 26. Nf5 Rxd2 27. Rxd2 Rd8 28. Rxd8 Nxd8 29. hxg5 hxg5 30. Kf1 Ke6 31. Ke2 Nc6 32. Kd3 b5 33. b3 Bc5 34. Ng7+ Kf7 35. Nf5 Ne7 36. Ne3 Ke6 37. c4 b4 38. Nd1 Nc6 39. Ne3 Nd4 40. Nd5 Nxf3 41. Nc7+ Kf7 42. Nd5 Kg6 43.
Ke2 Nd4+ 44. Kd3 Ne6 45. Kd2 Ng7 46. f3 Nh5 47. Be1 Nf4 48. Kd1 Nxd5 49. cxd5 f5 50. Ke2 g4 51. exf5+ Kxf5 52. fxg4+ Kxg4 53. Bf2 Bxf2 54. Kxf2 Kf5 55. Ke3 e4 56. d6 Ke6 57. Kxe4 Kxd6 58.
Kd4 a5 59. Kc4 Kc6 60. Kd4 Kd6 1/2-1/2